 Dungeon Crawl Stone Soup version 0.25-a0-42-g6c54e25 (webtiles) character file.

Game seed: 18167405329290178326, levelgen mode: deterministic

23829 Illumine the Cleaver (level 13, -5/116 HPs)
             Began as a Hill Orc Fighter on Oct 22, 2019.
             Was a Priest of Ru.
             Hit by a stone thrown by an entropy weaver (13 damage)
             ... on level 4 of the Lair of Beasts.
             The game lasted 00:36:31 (15127 turns).

Illumine the Cleaver (Hill Orc Fighter)            Turns: 15127, Time: 00:36:32

Health: -5/116     AC: -6    Str: 24    XL:     13   Next: 9%
Magic:  14/14      EV:  9    Int:  8    God:    Ru [***...]
Gold:   1305       SH: 12    Dex:  6    Spells: 13/15 levels left

rFire    . . .     SeeInvis .   a - +5 hand axe (elec)
rCold    . . .     Gourm    .   c - +0 shield
rNeg     + . .     Faith    .   E - +0 chain mail
rPois    .         Spirit   .   u - +0 helmet
rElec    .         Reflect  .   (no cloak)
rCorr    .         Harm     .   K - +2 pair of gloves {archery}
MR       +....                  M - +0 pair of boots
Stlth    ..........             (no amulet)
HPRegen  0.29/turn              D - ring of positive energy
MPRegen  0.14/turn              y - ring of protection from magic

@: exhausted, corroded, lightly drained
A: clumsy 2, low mp 1, screaming 1, hated by all
a: Draw Out Power, Renounce Religion


You were on level 4 of the Lair of Beasts.
You worshipped Ru.
Ru was most pleased with you.
You were not hungry.

You visited 3 branches of the dungeon, and saw 16 of its levels.
You also visited: Ossuary.

You collected 1305 gold pieces.

Inventory:

Hand Weapons
 a - a +5 hand axe of electrocution (weapon)
 b - a +1 hunting sling of velocity
 g - a +0 broad axe
 s - a +1 war axe
 U - a +1 battleaxe of venom
Missiles
 h - 359 stones (quivered)
 m - 66 sling bullets
 n - 9 boomerangs
 w - 5 boomerangs of dispersal
 P - 24 poisoned darts
Armour
 c - a +0 shield (worn)
 u - a +0 helmet (worn)
 E - a +0 chain mail (worn)
 K - a +2 pair of gloves of archery (worn)
 M - a +0 pair of boots (worn)
Jewellery
 l - an uncursed ring of ice
 q - an uncursed ring of fire
 r - an uncursed ring of fire
 y - a ring of protection from magic (right hand)
 D - a ring of positive energy (left hand)
Wands
 C - a wand of disintegration (11)
 F - a wand of random effects (20)
 H - a wand of flame (33)
Scrolls
 e - a scroll of fear
 i - a scroll of enchant weapon
 p - 9 scrolls of teleportation
 t - 2 scrolls of immolation
 z - 2 scrolls of noise {unknown}
 A - 2 scrolls of enchant armour
 B - a scroll of fog {unknown}
 L - a scroll of acquirement {unknown}
 O - 3 scrolls of remove curse
 S - a scroll of silence {unknown}
Potions
 d - 4 potions of might
 j - a potion of cancellation
 k - 4 potions of ambrosia
 o - 2 potions of agility
 v - a potion of berserk rage
 x - 2 potions of flight
 G - 2 potions of haste
 I - 2 potions of invisibility {unknown}
 J - a potion of mutation
 N - a potion of brilliance {unknown}
 Q - a potion of heal wounds
Miscellaneous
 R - a fan of gales (inert)
Comestibles
 f - 27 rations


   Skills:
 + Level 11.4(11.0) Fighting
 - Level 14.0(13.5) Axes
 + Level 4.5(4.2) Slings
 + Level 10.4(10.0) Armour
 + Level 5.7(5.3) Dodging
 + Level 11.6(11.2) Shields
 + Level 1.7(1.4) Spellcasting


You had 13 spell levels left.
You knew the following spells:

 Your Spells              Type           Power        Failure   Level  Hunger
a - Summon Butterflies    Summ           #.......     97%         1    ##.....
b - Apportation           Tloc           #.....       97%         1    ##.....

Your spell library contained the following spells:

 Spells                   Type           Power        Failure   Level  Hunger
 Corona                   Hex            #......      97%         1    ##.....
 Magic Dart               Conj           #...         97%         1    ##.....
 Pain                     Necr           #...         97%         1    ##.....
 Sandblast                Erth           #.....       97%         1    ##.....
 Blink                    Tloc           N/A          99%         2    ###....
 Ensorcelled Hibernation  Hex/Ice        #.....       99%         2    ###....
 Passwall                 Tmut/Erth      #.......     99%         2    ###....
 Slow                     Hex            #.......     99%         2    ###....
 Confuse                  Hex            #.......     100%        3    ####...
 Conjure Flame            Conj/Fire      #.......     100%        3    ####...
 Dazzling Spray           Conj/Hex       #.....       100%        3    ####...
 Lesser Beckoning         Tloc           #.........   100%        3    ####...
 Mephitic Cloud           Conj/Pois/Air  #.......     100%        3    ####...
 Regeneration             Chrm/Necr      #.........   100%        3    ####...
 Stone Arrow              Conj/Erth      #.....       100%        3    ####...
 Tukima's Dance           Hex            #.......     100%        3    ####...
 Vampiric Draining        Necr           #.........   100%        3    ####...
 Petrify                  Tmut/Erth      #.......     100%        4    #####..
 Alistair's Intoxication  Tmut/Pois      #.......     100%        5    ######.
 Lee's Rapid Deconstruct  Erth           #.........   100%        5    ######.
 Invisibility             Hex            #.......     100%        6    #######
 Animate Skeleton         Necr           Unusable     N/A         1    N/A
 Call Imp                 Summ           Unusable     N/A         2    N/A
 Animate Dead             Necr           Unusable     N/A         4    N/A

Dungeon Overview and Level Annotations

Branches:
Dungeon (11/15)            Temple (1/1) D:4            Lair (4/6) D:8
  Swamp (0/4) Lair:3       Spider (0/4) Lair:3      Ossuary (visited)
    Orc: D:9-12

Altars:
Ashenzari
Cheibriados
Dithmenos
Elyvilon
Fedhas
Gozag
Hepliaklqana
Kikubaaqudgha
Nemelex Xobeh
Okawaru
Qazlal
Ru
Sif Muna
Trog
Uskayaw
Vehumet
Wu Jian
Xom
Yredelemnul
Zin
The Shining One

Shops:
D:4 :

Annotations:
D:10 Fannar
Lair:2 exclusion: oklob plant


Innate Abilities, Weirdness & Mutations

You are very clumsy. (Dex -4)
Your magical capacity is low. (-10% MP)
You occasionally shout uncontrollably at your foes.
You are hated by all.


Message History

You feel drained. The entropy weaver hits you. The entropy weaver hits you!
* * * LOW HITPOINT WARNING * * *
The entropy weaver hits you!
* * * LOW HITPOINT WARNING * * *
You block the entropy weaver's attack.
Unknown command.
The entropy weaver begins to cast a spell, but is stunned by your will!
The entropy weaver mumbles some strange words.
The entropic weave corrodes you!
Evoke which item? (* to show all) (? for menu, Esc to quit)
Aiming: Disintegrate
Press: ? - help, Shift-Dir - straight line, f/p - entropy weaver
Aim: an entropy weaver, wearing a +0 leather armour (severely wounded, chance to defeat MR: 30%)
The entropy weaver easily resists.
The entropy weaver casts a spell.
The entropic weave corrodes you!
Evoke which item? (* to show all) (? for menu, Esc to quit)
A fierce wind blows from the fan.
The entropy weaver throws a stone.
The stone hits you!
You die...

#.......##..#
#.###...#..##
##..........#.
#.............
####..#..........
##.###...#.......#
##.#(#P.###.......#
#.((....###..##....
##.@.##.#.####......
#..#.###### #P......
##a.## #P..#... #..#
##.##### #..# #..
#... ##. #..#. .#.##
. ##


You could see an entropy weaver.

Vanquished Creatures
  An entropy weaver (Lair:4)
  A queen ant (Lair:4)
  A two-headed ogre (D:8)
  Pikel (D:4)
  A harpy (shapeshifter) (D:10)
  A necromancer (Lair:2)
  A wolf spider (Lair:3)
  An ugly thing (D:11)
  3 elephants (Lair:4)
  2 torpor snails
  4 spiny frogs
  A rime drake (Lair:4)
  6 komodo dragons
  A jumping spider (Lair:3)
  4 trolls
  Grinder (D:4)
  A polar bear (Lair:4)
  3 dream sheep (Lair:3)
  3 blink frogs (Lair:4)
  3 hippogriffs
  2 redbacks (Lair:3)
  A spriggan (D:7)
  3 wyverns
  2 basilisks
  27 yaks
  2 hungry ghosts
  3 swamp worms (Lair:3)
  5 water moccasins
  5 porcupines
  3 slaves (D:4)
  A black bear (D:6)
  4 ice beasts
  3 sky beasts
  2 phantoms
  9 wolves
  2 ogres
  A centaur (D:6)
  9 crocodiles
  3 big kobolds
  An elf zombie (Ossuary)
  5 bullfrogs
  7 scorpions
  7 wights
  10 howler monkeys
  8 electric eels
  A centaur zombie (D:5)
  4 crimson imps
  A jelly (D:5)
  6 hounds
  A bullfrog skeleton (D:9)
  A centaur skeleton (D:4)
  An iguana (D:5)
  An orc wizard (D:9)
  4 polar bear simulacra (Lair:2)
  10 worker ants
  A yak simulacrum (Lair:2)
  2 big kobold zombies (Ossuary)
  A hound zombie (D:6)
  2 hound skeletons (D:5)
  2 mummies (Ossuary)
  6 gnolls
  A howler monkey skeleton (D:5)
  13 adders
  2 shadow imps
  2 adder zombies
  2 adder skeletons
  6 worms
  3 leopard geckos
  16 orcs
  5 giant cockroaches
  5 goblins
  8 hobgoblins
  7 jackals
  4 quokkas
  2 ball pythons
  8 bats
  2 frilled lizards
  A gnoll zombie (Ossuary)
  5 goblin zombies (Ossuary)
  A hobgoblin zombie (Ossuary)
  20 kobolds
  A leopard gecko skeleton (D:3)
  4 orc zombies (Ossuary)
  A quokka skeleton (D:6)
  13 rats
  5 river rat simulacra (Lair:2)
  A bush (Lair:2)
  3 fungi
  2 plants (Lair:2)
352 creatures vanquished.

Vanquished Creatures (others)
  A komodo dragon (Lair:1)
  A yak (Lair:2)
  A kobold (D:8)
  A river rat simulacrum (Lair:2)
  10 fungi
  14 plants
28 creatures vanquished.

Grand Total: 380 creatures vanquished

Notes
Turn   | Place    | Note
-------+----------+-------------------------------------------
     0 | D:1      | Illumine the Hill Orc Fighter began the quest for the Orb.
     0 | D:1      | Reached XP level 1. HP: 19/19 MP: 1/1
    31 | D:1      | Reached skill level 3 in Axes
   128 | D:1      | Reached XP level 2. HP: 22/26 MP: 2/2
   894 | D:1      | Reached skill level 4 in Axes
  1057 | D:1      | Reached XP level 3. HP: 16/31 MP: 3/3
  1710 | D:2      | Reached XP level 4. HP: 39/39 MP: 4/4
  1899 | D:3      | Reached skill level 5 in Axes
  2022 | D:3      | Found an opulent altar of Gozag.
  2543 | D:3      | Reached XP level 5. HP: 44/45 MP: 5/5
  2635 | D:4      | Found a staircase to the Ecumenical Temple.
  2642 | Temple   | Entered the Ecumenical Temple
  2696 | Temple   | Became a worshipper of Ru the Awakened
  2721 | D:4      | Noticed Grinder
  3064 | D:4      | Reached skill level 6 in Axes
  3340 | D:4      | Noticed a phantom
  3356 | D:4      | Killed a phantom
  3356 | D:4      | Reached skill level 7 in Axes
  3356 | D:4      | Reached skill level 5 in Shields
  3356 | D:4      | Reached XP level 6. HP: 47/51 MP: 6/6
  3607 | D:4      | Found Vifigaoh's Book Emporium.
  3642 | D:4      | Noticed a slave
  3649 | D:4      | Noticed a slave
  3658 | D:4      | Killed a slave
  3665 | D:4      | Killed a slave
  3751 | D:4      | Noticed Pikel
  3753 | D:4      | Noticed a slave
  3755 | D:4      | Noticed a slave
  3761 | D:4      | Killed a slave
  3767 | D:4      | Killed Pikel
  3767 | D:4      | Reached skill level 9 in Axes
  3767 | D:4      | Reached XP level 7. HP: 32/57 MP: 7/7
  3832 | D:4      | Killed Grinder
  3832 | D:4      | Reached XP level 8. HP: 37/66 MP: 8/8
  4154 | D:5      | Entered Level 5 of the Dungeon
  4418 | D:5      | Reached skill level 10 in Axes
  4578 | D:5      | Noticed a moth of wrath
  4581 | D:5      | Found a bloodstained altar of Trog.
  4869 | D:5      | Found a shadowy altar of Dithmenos.
  4872 | D:5      | Found an ancient bone altar of Kikubaaqudgha.
  4906 | D:5      | Found a shimmering altar of Xom.
  4907 | D:5      | Found a hazy altar of Hepliaklqana.
  4933 | D:5      | Found a hide-covered altar of Uskayaw.
  4934 | D:5      | Found a glowing silver altar of Zin.
  4935 | D:5      | Found a snail-covered altar of Cheibriados.
  5037 | D:6      | Gained mutation: You occasionally shout uncontrollably at
                  | your foes. [Ru sacrifice]
  5048 | D:6      | Reached skill level 5 in Fighting
  5066 | D:6      | Found a sand-covered staircase.
  5106 | Ossuary  | Entered an ossuary
  5289 | D:6      | Reached skill level 5 in Armour
  5374 | D:6      | Reached XP level 9. HP: 72/75 MP: 9/9
  5712 | D:6      | Found a blossoming altar of Fedhas.
  5947 | D:7      | Reached skill level 11 in Axes
  6025 | D:7      | Learned a level 1 spell: Summon Butterflies
  6027 | D:7      | Learned a level 1 spell: Apportation
  6728 | D:7      | Found the +7 Singing Sword {slice, sonic wave}
  6916 | D:8      | Gained mutation: You are hated by all. [Ru sacrifice]
  6916 | D:8      | Reached * piety under Ru
  6916 | D:8      | Reached ** piety under Ru
  6975 | D:8      | Noticed a troll
  7135 | D:8      | Noticed a two-headed ogre
  7145 | D:8      | Killed a two-headed ogre
  7145 | D:8      | Reached XP level 10. HP: 65/88 MP: 10/10
  7799 | D:8      | Reached skill level 1 in Dodging
  7882 | D:8      | Reached skill level 12 in Axes
  8707 | D:9      | Found the +3 robe of Folly {Archmagi, MR-- Int+5}
  9222 | D:10     | Entered Level 10 of the Dungeon
  9376 | D:10     | Reached XP level 11. HP: 68/95 MP: 11/11
  9491 | D:10     | Found an ornate altar of the Wu Jian Council.
  9491 | D:10     | Noticed Fannar
  9761 | D:10     | Noticed a harpy
  9770 | D:10     | Killed a harpy
  9822 | D:11     | Gained mutation: You are clumsy. (Dex -2) [Ru sacrifice]
  9912 | D:11     | Noticed a purple ugly thing
  9921 | D:11     | Killed a purple ugly thing
  9921 | D:11     | Reached skill level 10 in Shields
 10034 | D:8      | Found a staircase to the Lair.
 10059 | D:8      | HP: 2/97 [electric eel/bolt of electricity (10)]
 10212 | Lair:1   | Entered Level 1 of the Lair of Beasts
 10574 | Lair:1   | Reached skill level 13 in Axes
 11076 | Lair:2   | Reached skill level 1 in Slings
 11469 | Lair:2   | Gained mutation: You are very clumsy. (Dex -4) [Ru
                  | sacrifice]
 11469 | Lair:2   | Reached *** piety under Ru
 11509 | Lair:2   | Reached skill level 10 in Fighting
 11832 | Lair:2   | Noticed a necromancer
 11855 | Lair:2   | Killed a necromancer
 12119 | Lair:2   | Noticed an oklob plant
 12227 | Lair:3   | Reached XP level 12. HP: 88/106 MP: 12/12
 12507 | Lair:3   | Found a hole to the Spider Nest.
 13287 | Lair:3   | Reached skill level 5 in Dodging
 13497 | Lair:3   | Found a staircase to the Swamp.
 13819 | Lair:3   | Reached skill level 10 in Armour
 14147 | Lair:4   | Reached skill level 14 in Axes
 14448 | Lair:4   | Reached skill level 1 in Spellcasting
 14477 | Lair:4   | Reached XP level 13. HP: 91/116 MP: 14/14
 14596 | Lair:4   | Gained mutation: Your magical capacity is low. (-10% MP)
                  | [Ru sacrifice]
 14774 | Lair:4   | Noticed an entropy weaver
 14793 | Lair:4   | Killed an entropy weaver
 15094 | Lair:4   | Noticed an entropy weaver
 15127 | Lair:4   | Hit by a stone thrown by an entropy weaver

Levels and vault maps discovered:
D:1:      onia_arrival_larder, layout_basic, minmay_quantized
D:2:      layout_loops_ring
D:3:      layout_rooms, nicolae_gozag_cash_rules_everything_around_me,
          minivault_5
D:4:      layout_basic, minmay_temple_entry_statues_fountains, first_ration,
          serial_shops, nicolae_shop_waterfront, minmay_ruptured, uniq_grinder,
          uniq_pikel
D:5:      layout_cave_pools, nicolae_overflow_hidden_temple,
          gammafunk_temple_overflow_claw, serial_park, corexii_hall_statues_i,
          tgw_trog
D:6:      layout_basic, basic_altar, nicolae_ossuary_entry_monument
D:7:      old_forge, layout_loops_ring, grunt_ministairs_10, the_bakery
D:8:      layout_basic, erik_lair_island
D:9:      layout_basic, serial_park_tiny_pond, kennysheep_generic_room_13
D:10:     layout_cave_pods, basic_altar, dk_vineyard_1,
          kennysheep_generic_room_5, uniq_fannar, uniq_urug
D:11:     layout_stronghold
Temple:   dshaligram_water_room_temple
Lair:1:   layout_long_grid
Lair:2:   layout_loops_ring, minivault_19, eino_house_with_fridge,
          minmay_lair_oklob_chamber
Lair:3:   layout_cave_pods, minmay_swamp_entry_worms,
          spider_nest_entry_funnel_web, st_stairs_12, serial_bayou_ford_a,
          serial_bayou_lagoon_b
Lair:4:   layout_loops_ring, wad_woods_antlair, infiniplex_staircase_pool_2,
          lemuel_fruit_tree

Skill      XL: |  1  2  3  4  5  6  7  8  9 10 11 12 |
---------------+-------------------------------------+-----
Axes           | 3 4 5 7 9 10 11 12 13 14 | 14.0
Shields        | 4 5 6 7 8 9 10 11 | 11.6
Fighting       | 4 5 7 8 10 11 | 11.4
Armour         | 5 7 8 9 10 | 10.4
Dodging        | 2 4 5 |  5.7
Slings         | 2 4 |  4.5
Spellcasting   | 1 |  1.7

Action                   |  1- 3 |  4- 6 |  7- 9 | 10-12 | 13-15 || total
-------------------------+-------+-------+-------+-------+-------++-------
Melee: War axe           |   106 |    56 |       |       |       ||   162
       Hand axe          |       |    91 |   270 |   723 |    65 ||  1149
 Fire: Hunting sling     |       |     2 |     7 |    10 |       ||    19
Throw: Stone             |       |     1 |       |       |       ||     1
       Throwing net      |       |       |     1 |       |       ||     1
Invok: Sacrifice Purity  |       |       |     1 |     2 |       ||     3
       Sacrifice Love    |       |       |     1 |       |       ||     1
       Draw Out Power    |       |       |       |       |     1 ||     1
       Sacrifice Essence |       |       |       |       |     1 ||     1
Evoke: Wand              |       |       |       |       |     2 ||     2
       Fan of gales      |       |       |       |       |     1 ||     1
  Use: Scroll            |       |     4 |    12 |     4 |       ||    20
       Potion            |       |       |       |     3 |       ||     3
 Stab: Invisible         |       |       |     1 |     1 |       ||     2
       Distracted        |       |       |       |     2 |     1 ||     3
  Eat: Chunk             |     2 |     7 |     4 |    20 |     1 ||    34
       Ration            |       |       |     2 |     2 |     1 ||     5
Armor: Scale mail        |    35 |    55 |    53 |       |       ||   143
       Chain mail        |       |       |     1 |   102 |    24 ||   127
       Troll leather arm |       |       |       |    26 |       ||    26
Dodge: Dodged            |    34 |    53 |    46 |   115 |    15 ||   263
Block: Shield            |    57 |    87 |    72 |   219 |    36 ||   471

Table legend:
 A = Non-vault XP
 B = Vault XP
 C = Vault XP percentage of total XP
 D = Non-vault monster count
 E = Vault monster count
 F = Vault count percentage of total count
                 A         B        C        D         E       F
            +---------+---------+-------+---------+---------+-------
      Total |   27240 |    6802 |  20.0 |     267 |      78 |  22.6
            +---------+---------+-------+---------+---------+-------
        D:1 |      30 |      14 |  31.8 |      13 |      10 |  43.5
        D:2 |      60 |       0 |   0.0 |      13 |       0 |   0.0
        D:3 |      99 |       0 |   0.0 |      28 |       0 |   0.0
        D:4 |     352 |     933 |  72.6 |      12 |       4 |  25.0
        D:5 |     367 |       8 |   2.1 |      12 |       5 |  29.4
        D:6 |    1074 |       0 |   0.0 |      23 |       0 |   0.0
        D:7 |     423 |     655 |  60.8 |      10 |      15 |  60.0
        D:8 |    1843 |     838 |  31.3 |      27 |       7 |  20.6
        D:9 |    2439 |       0 |   0.0 |      28 |       0 |   0.0
       D:10 |    1252 |       0 |   0.0 |      10 |       0 |   0.0
       D:11 |     680 |       0 |   0.0 |       2 |       0 |   0.0
     Lair:1 |    2599 |       0 |   0.0 |      11 |       0 |   0.0
     Lair:2 |    3388 |     746 |  18.0 |      19 |      11 |  36.7
     Lair:3 |    6464 |    1812 |  21.9 |      37 |       7 |  15.9
     Lair:4 |    6170 |    1598 |  20.6 |      22 |       3 |  12.0
    Ossuary |       0 |     198 | 100.0 |       0 |      16 | 100.0
            +---------+---------+-------+---------+---------+-------
